 Dungeon Crawl Stone Soup version 0.26-a0-639-g72c4674329 (webtiles) character file.

Game seed: 8945681621621640662

5 Lanoc the Chiller (level 1, -2/13 HPs)
             Began as a Formicid Ice Elementalist on Sept 18, 2020.
             Killed from afar by Sigmund (7 damage)
             ... with a puff of flame
             ... on level 2 of the Dungeon.
             The game lasted 00:00:46 (265 turns).

Lanoc the Chiller (Formicid Ice Elementalist)        Turns: 265, Time: 00:00:47

Health: -2/13      AC:  2    Str: 12    XL:     1   Next: 88%
Magic:  1/3        EV: 12    Int: 16    God:
Gold:   0          SH:  0    Dex: 11    Spells: 3/4 levels left

rFire    . . .     SeeInvis +   (no weapon)
rCold    . . .     Faith    .   (no shield)
rNeg     . . .     Spirit   .   a - +0 robe
rPois    .         Reflect  .   (helmet unavailable)
rElec    .         Harm     .   (no cloak)
rCorr    .         Rampage  .   (no gloves)
MR       .....                  (no boots)
Stlth    ++........             (no amulet)
HPRegen  0.04/turn              (no ring)
MPRegen  0.08/turn              (no ring)

@: no status effects
A: permanent stasis, dig shafts and tunnels, four strong arms, antennae 3,
clever 1, deterioration 1, evolution 1
a: Dig, Shaft Self


You were on level 2 of the Dungeon.
You visited 1 branch of the dungeon, and saw 2 of its levels.

Inventory:

Armour
 a - a +0 robe (worn)
Scrolls
 b - a scroll of random uselessness {unknown}
Potions
 d - a potion of heal wounds


   Skills:
 + Level 1.9 Dodging
 - Level 2.4 Stealth
 - Level 2.1 Spellcasting
 * Level 4.2 Ice Magic


You had 3 spell levels left.
You knew the following spells:

 Your Spells              Type           Power        Failure   Level
a - Freeze                Ice            ###.         3%          1

Your spell library contained the following spells:

 Spells                   Type           Power        Failure   Level
 Frozen Ramparts          Ice            ###...       11%         3
 Ozocubu's Armour         Ice            ###.....     11%         3
 Hailstorm                Conj/Ice       #.......     65%         4
 Summon Ice Beast         Ice/Summ       #.......     65%         4


Dungeon Overview and Level Annotations

Branches:
Dungeon (1/15)

Altars:

Annotations:
D:2 Sigmund


Innate Abilities, Weirdness & Mutations

You cannot be hasted, slowed, berserked, paralysed or teleported.
You can dig through walls and to a lower floor.
Your four strong arms can wield two-handed weapons with a shield.
You have a pair of large antennae on your head. (SInv)
Your mind is acute. (Int +2)
Your body sometimes deteriorates upon taking damage.
You evolve.


Message History

You feel nature experimenting on you.
Don't worry, failures die fast.
You feel clever. Sigmund closely misses you.
You see here a scroll labeled IRIGRI NESMES.
As you read the scroll labeled IRIGRI NESMES, it crumbles to dust.
It is a scroll of identify.
d - a potion of heal wounds Sigmund closely misses you.
Sigmund gestures at you while chanting. You resist with significant effort.
There is an open door here.
Found a sedimented pink potion.
Sigmund gestures at you while chanting. The puff of flame hits you!
Ouch! That really hurt!
Are you sure you want to shaft yourself?
Sigmund casts a spell at you. The puff of flame hits you!
Ouch! That really hurt!
You die...

... ..#+# #.#!###
#..... { #....#
#....######
#.........#
#..@......#
#........)#
####......#
#......# #@.....#
###########'#####
#.......@...#
#......######
.(......#


You could see Sigmund.

Vanquished Creatures
  A bat (D:1)
  A goblin (D:1)
  A hobgoblin (D:1)
  A frilled lizard (D:1)
  A rat (D:2)
5 creatures vanquished.

Notes
Turn   | Place    | Note
-------+----------+-------------------------------------------
     0 | D:1      | Lanoc the Formicid Ice Elementalist began the quest for the
                  | Orb.
     0 | D:1      | Reached XP level 1. HP: 13/13 MP: 3/3
   226 | D:1      | You fall into a shaft and drop 1 floor!
   247 | D:2      | Noticed Sigmund
   253 | D:2      | Gained mutation: Your body sometimes deteriorates upon
                  | taking damage. [potion of mutation]
   253 | D:2      | Gained mutation: You evolve. [potion of mutation]
   253 | D:2      | Gained mutation: Your mind is acute. (Int +2) [potion of
                  | mutation]
   265 | D:2      | Killed from afar by Sigmund

Illustrated notes

Levels and vault maps discovered:
D:1:      elethiomel_arrival_shortcut, layout_basic, minmay_pentomino_r4
D:2:      layout_basic, chequers_ecumenical_altar_simple_redux,
          grunt_qazlal_sundering, uniq_sigmund

Action                   || total
-------------------------++-------
Melee: Unarmed           ||     2
 Cast: Freeze            ||    11
 Abil: Shaft Self        ||     1
  Use: Scroll            ||     1
       Potion            ||     1
Armor: Robe              ||     3
Dodge: Dodged            ||    14

Table legend: (Time is in decaauts)
 A = Elapsed time spent in this place.
 B = Non-inter-level travel time spent in this place.
 C = Inter-level travel time spent in this place.
 D = Time resting spent in this place.
 E = Time spent auto-exploring this place.
 F = Levels seen in this place.
 G = Mean time per level.
                   A        B        C        D        E       F      G
               +--------+--------+--------+--------+--------+-----+--------+
         Total |    264 |    264 |      0 |      0 |    202 |   2 |  132.0 |
       Dungeon |    264 |    264 |      0 |      0 |    202 |   2 |  132.0 |
               +--------+--------+--------+--------+--------+-----+--------+

Top non-repeatable levels by time:
     D:1: 226 daAuts
     D:2: 38 daAuts
